 Dungeon Sprint DCSS version 0.26.1-11-gd32895ea62 (webtiles) character file.

Game seed: 4941931537947769111

7 Zeld the Firebug (level 2, -16/17 HPs)
             Began as an Octopode Fire Elementalist on June 7, 2021.
             Was an Initiate of Sif Muna.
             Killed from afar by an ophan (33 damage)
             ... with a bolt of fire
             ... in the Dungeon (Sprint V: "Ziggurat Sprint").
             The game lasted 00:00:56 (113 turns).

Zeld the Firebug (Octopode Fire Elementalist)        Turns: 113, Time: 00:00:56

Health: -16/17     AC:  1    Str:  7    XL:     2   Next: 0%
Magic:  7/7        EV: 14    Int: 29    God:    Sif Muna [......]
Gold:   0          SH:  0    Dex: 12    Spells: 9/10 levels left

rFire    . . .     SeeInvis .   (no weapon)
rCold    . . .     Faith    .   (no shield)
rNeg     . . .     Spirit   .   (helmet restricted)
rPois    .         Reflect  .   (no amulet)
rElec    .         Harm     .   j - +6 ring of intelligence
rCorr    .         Rampage  .   r - +6 ring of intelligence
Will     .....     NoTele   +   (no ring)
Stlth    +.........             (no ring)
HPRegen  0.05/turn              (no ring)
MPRegen  0.10/turn              (no ring)
                                (no ring)
                                (no ring)

@: glowing
A: almost no armour, stealthy swim, amphibious, 8 rings, constrict 8, camouflage
1, gelatinous body 1
a: Renounce Religion


You were in the Dungeon.
You worshipped Sif Muna.
Sif Muna was noncommittal.
You visited 1 branch

Inventory:

Jewellery
 j - a +6 ring of intelligence (left tentacle)
 r - a +6 ring of intelligence (right tentacle)
Wands
 t - a wand of disintegration (7)
 u - a wand of iceblast (6)
 v - a wand of acid (7)
Scrolls
 g - 3 scrolls of blinking
 l - 4 scrolls of amnesia
 m - 7 scrolls of fog
 n - a scroll of holy word
 o - 5 scrolls of identify
 p - 5 scrolls of remove curse
 q - 2 scrolls of fear
Potions
 a - 2 potions of brilliance
 b - 10 potions of curing
 c - 10 potions of heal wounds
 d - 6 potions of haste
 e - 7 potions of magic
 f - 3 potions of berserk rage
 h - 2 potions of invisibility
 i - 4 potions of resistance
 k - 5 potions of might
Miscellaneous
 s - a lightning rod (3/4)


   Skills:
 + Level 3.7 Dodging
 - Level 2.6 Stealth
 * Level 4.6 Spellcasting
 - Level 1.0 Conjurations
 * Level 5.5 Fire Magic
 * Level 0.0 Invocations


You had 9 spell levels left.
You knew the following spells:

 Your Spells              Type           Power        Failure   Level
a - Foxfire               Conj/Fire      100%         1%          1

Your spell library contained the following spells:

 Spells                   Type           Power        Failure   Level
 Conjure Flame            Conj/Fire      25%          4%          3
 Inner Flame              Hex/Fire       22%          6%          3
 Sticky Flame             Conj/Fire      25%          17%         4
 Fireball                 Conj/Fire      12%          43%         5


Dungeon Overview and Level Annotations

Branches:
Dungeon (1/1)

Altars:
Ashenzari
Cheibriados
Dithmenos
Elyvilon
Fedhas
Gozag
Hepliaklqana
Kikubaaqudgha
Makhleb
Nemelex Xobeh
Okawaru
Qazlal
Ru
Sif Muna
Trog
Uskayaw
Vehumet
Wu Jian
Xom
Yredelemnul
Zin
The Shining One
Beogh
Jiyva
Lugonu

Annotations:
D 1 transporter


Innate Abilities, Weirdness & Mutations

You cannot wear most types of armour.
You are very stealthy in the water. (Stealth+)
You are amphibious.
You can wear up to eight rings at the same time.
You can use your tentacles to constrict eight enemies at once.
Your skin changes colour to match your surroundings (Stealth+).
Your rubbery body absorbs attacks. (AC +1, EV +1)


Message History

The mass of ice explodes!
The iceblast engulfs the ophan!
The ophan is lightly wounded.
The iceblast engulfs the ufetubus.
The ufetubus partially resists.
The ufetubus is almost dead.
Unknown command.
Blink to where?
Press: ? - help, Dir - move target, p - ophan
As you read the scroll of blinking, it crumbles to dust.
The ophan calls forth blessed flames!
Blessed fire suddenly surrounds you!
Aiming: Thunderbolt
Press: ? - help, Shift-Dir - straight line, f - ufetubus
Aim: an ufetubus (almost dead, haloed)
The thunderbolt hits the ufetubus!
You kill the ufetubus!
Sif Muna accepts your kill.
The ophan harnesses the cleansing power of fire!
The bolt of fire hits you!!
Ouch! That really hurt!
You die...

▓▓▓▓▓▓▓
▓.8©8@▓
▓...§§▓
▓.).[.▓
▓.....▓
▓.G...▓
▓..§..▓
▓▓▓▓▓▓▓


You could see an ophan.

Vanquished Creatures
  An ufetubus (D)
1 creature vanquished.

Notes
Turn   | Place    | Note
-------+----------+-------------------------------------------
     0 | D        | Zeld the Octopode Fire Elementalist began the quest for the
                  | Orb.
     0 | D        | Reached XP level 1. HP: 11/11 MP: 3/3
     0 | D        | Found a shimmering blue altar of Sif Muna.
     0 | D        | Found a bloodstained altar of Trog.
     0 | D        | Found a sacrificial altar of Ru.
     0 | D        | Found a stormy altar of Qazlal.
     0 | D        | Found an iron altar of Okawaru.
     1 | D        | Found a sparkling altar of Nemelex Xobeh.
     1 | D        | Found a blossoming altar of Fedhas.
     2 | D        | Found the +6 Majin-Bo {vamp, MP+6 Int+6}
     2 | D        | Found the +9 heavy crossbow "Sniper" {vorpal, Acc+∞ SInv}
     2 | D        | Found the +10 dark maul {vorpal}
     2 | D        | Found the +15 Maxwell's patent armour {-Cast -Tele rElec
                  | Will+ rCorr}
     2 | D        | Found the +18 shield of the Gong {rElec rN+ Will+ EV-5}
     2 | D        | Found the cursed +14 obsidian axe {vorpal, +Fly SInv
                  | *Curse}
     2 | D        | Found the +7 great mace "Firestarter" {inner flame, rF++}
     2 | D        | Found the +6 shillelagh "Devastator" {shatter}
     2 | D        | Found the +11 plutonium sword {*Contam Stlth-}
     2 | D        | Found the +8 lance "Wyrmbane" {slay drac, rPois rF+ rC+
                  | AC+3}
     2 | D        | Found the +9 sword of Zonguldrok {reap}
     2 | D        | Found the cursed +13 scythe of Curses {drain, *Curse}
     2 | D        | Found the +5 sword of Power {vorpal}
     2 | D        | Found the +7 mace of Variability {chain chaos}
     2 | D        | Found the +7 Singing Sword {vorpal, sonic wave}
     2 | D        | Found the +8 storm bow {elec, penet}
     3 | D        | Found a transporter.
     3 | D        | Found an ancient bone altar of Kikubaaqudgha.
     3 | D        | Found a viscous altar of Jiyva.
     3 | D        | Found a corrupted altar of Lugonu.
     3 | D        | Found a hazy altar of Hepliaklqana.
     3 | D        | Found a burning altar of Makhleb.
     3 | D        | Found an opulent altar of Gozag.
     5 | D        | Reached skill level 5 in Fire Magic
     5 | D        | Reached XP level 2. HP: 17/17 MP: 3/7
    71 | D        | Became a worshipper of Sif Muna the Loreminder
   110 | D        | Entered arena 2.
   110 | D        | Noticed an ophan
   110 | D        | Found a transporter.
   113 | D        | Killed from afar by an ophan

Illustrated notes

Levels and vault maps discovered:
D:        sprint_v [room_start, room_1, room_2, room_3, room_4, room_5, room_6,
          room_7, room_8, room_9, room_10, room_11, room_12, room_13, room_14,
          room_15, room_16, room_17, room_18, room_19, room_20, room_21,
          room_22, room_23, room_24, room_25, room_26, room_27]

Skill      XL: |  1 |
---------------+----+-----
Dodging        | 3 |  3.7
Spellcasting   | 4 |  4.6
Fire Magic     | 5 |  5.5
Stealth        | |  2.6
Conjurations   | |  1.0

Action                   || total
-------------------------++-------
Evoke: Wand              ||     1
       Lightning rod     ||     1
  Use: Potion            ||     1
       Scroll            ||     1
